 Dungeon Crawl Stone Soup version 0.22-a0-252-gcace5d2d35 (webtiles) character file.

489 BoonShekel the Skirmisher (level 7, -6/45 HPs)
             Began as a Gargoyle Monk on Mar 1, 2018.
             Killed from afar by Dowan (19 damage)
             ... with a stone arrow
             ... on level 4 of the Dungeon.
             The game lasted 00:06:10 (3142 turns).

BoonShekel the Skirmisher (Gargoyle Monk)           Turns: 3142, Time: 00:06:11

Health: -6/45      AC: 13    Str: 14    XL:     7   Next: 14%
Magic:  7/7        EV: 12    Int: 11    God:
Gold:   176        SH:  0    Dex: 14    Spells: 6/6 levels left

rFire    . . .     SeeInvis .   j - +1 dagger (venom)
rCold    . . .     Gourm    .   (no shield)
rNeg     + . .     Faith    .   r - +3 leather armour {MR+}
rPois    ∞         Spirit   .   (no helmet)
rElec    +         Reflect  .   s - +1 cloak
rCorr    +         Harm     .   (no gloves)
MR       +....                  (no boots)
Stlth    ++........             (no amulet)
HPRegen  0.15/turn              i - ring of resist corrosion
MPRegen  0.10/turn              (no ring)

@: no status effects
A: negative energy resistance 1, electricity resistance, unbreathing,
petrification resistance, rot immunity, AC +4
a: no special abilities


You were on level 4 of the Dungeon.
You were not hungry.

You visited 1 branch of the dungeon, and saw 4 of its levels.

You collected 176 gold pieces.

Inventory:

Hand Weapons
 a - a +0 mace
 j - a +1 dagger of venom (weapon)
Armour
 r - a +3 leather armour of magic resistance (worn)
 s - a +1 cloak (worn)
Jewellery
 i - a ring of resist corrosion (left hand)
Wands
 f - a wand of acid (9)
Scrolls
 e - a scroll of teleportation
Potions
 d - 2 potions of brilliance
 g - 3 potions of curing
 h - a potion of haste
 k - a potion of might
 l - 2 potions of agility
 m - 4 potions of cancellation
 n - 3 potions of heal wounds
 o - a potion of invisibility
 q - a potion of mutation {unknown}
Comestibles
 b - a chunk of flesh
 c - 8 rations


   Skills:
 + Level 5.9 Fighting
 + Level 5.4 Maces & Flails
 + Level 3.5 Armour
 - Level 2.4 Dodging
 - Level 2.1 Stealth


You had 6 spell levels left.
You didn't know any spells.

Dungeon Overview and Level Annotations

Branches:
Dungeon (4/15)
 Temple: D:4-7

Altars:
Gozag

Annotations:
D:4 Dowan


Innate Abilities, Weirdness & Mutations

You are resistant to torment.
Your stone body is resilient. (AC +4)
You are immune to poison.
You resist negative energy. (rN+)
You are resistant to electric shocks. (rElec)
You can survive without breathing.
You are immune to petrification.
You are immune to rotting.


Message History

Duvessa is almost dead.
You kill Duvessa!
Dowan screams, "No!
Oh no!"
Dowan seems to find hidden reserves of power!
You have reached level 7!
Dowan hits you but does no damage.
Dowan points at you and mumbles some strange words.
The stone arrow hits you!
You barely miss Dowan.
Dowan says, "Magic will overcome all!"
Dowan hits you with a dagger of speed.
You hit Dowan.
Dowan is lightly wounded.
Dowan barely misses you.
Dowan zaps a wand.
The puff of flame hits you!
* * * LOW HITPOINT WARNING * * *
You barely miss Dowan.
Dowan is lightly wounded.
Dowan points at you and mumbles some strange words.
The stone arrow hits you!
You die...

#.).....#....#.............#....
#.......#....##..##........#....
#.......# ..##..##........#....
....... ......#........#
.....#........# .##..##........#
#..##........# +............#
#@).....)....# ##e##........#
......)..#........#
.e...e...#....(...#
.........#........#
.........#........#
#####....##+####### #.....
#.....


You could see Dowan.

Vanquished Creatures
  Duvessa (D:4)
  An ice beast (D:3)
  Crazy Yiuf (D:3)
  A bullfrog skeleton (D:4)
  Ijyb (D:3)
  A hound skeleton (D:4)
  7 adders
  An ooze (D:3)
  An adder skeleton (D:4)
  4 worms
  3 dart slugs
  6 leopard geckos
  5 orcs
  2 ball pythons
  5 giant cockroaches
  12 goblins
  5 hobgoblins
  5 jackals
  2 quokkas
  11 bats
  7 frilled lizards
  6 kobolds
  23 rats
111 creatures vanquished.

Notes
Turn   | Place    | Note
-------+----------+-------------------------------------------
     0 | D:1      | BoonShekel the Gargoyle Monk began the quest for the Orb.
     0 | D:1      | Reached XP level 1. HP: 14/14 MP: 1/1
   285 | D:1      | Reached XP level 2. HP: 19/19 MP: 2/2
   591 | D:1      | Reached XP level 3. HP: 21/24 MP: 3/3
   757 | D:2      | Found an opulent altar of Gozag.
   871 | D:2      | Reached XP level 4. HP: 29/30 MP: 4/4
  1217 | D:3      | Noticed Ijyb
  1230 | D:3      | Killed Ijyb
  1230 | D:3      | Reached skill level 1 in Armour
  1238 | D:3      | Reached XP level 5. HP: 16/34 MP: 5/5
  1539 | D:3      | Reached skill level 5 in Fighting
  1639 | D:3      | Noticed an ice beast
  1675 | D:3      | Killed an ice beast
  1675 | D:3      | Reached XP level 6. HP: 7/40 MP: 6/6
  2443 | D:3      | Found a runed door.
  2621 | D:3      | Noticed Crazy Yiuf
  2637 | D:3      | Killed Crazy Yiuf
  2637 | D:3      | Reached skill level 5 in Maces & Flails
  3116 | D:4      | Noticed Duvessa
  3121 | D:4      | Noticed Dowan
  3139 | D:4      | Killed Duvessa
  3139 | D:4      | Reached XP level 7. HP: 30/45 MP: 7/7
  3142 | D:4      | Killed from afar by Dowan

Vault maps used:
D:1:      scummos_arrival_forest
D:2:      kennysheep_big_flooded_room, nicolae_gozag_seed_capital, first_ration
D:3:      minmay_rat_hole, uniq_ijyb, uniq_crazy_yiuf_cottage
D:4:      serial_bayou_lake_a, uniq_duvessa, uniq_pikel

Skill      XL: |  1  2  3  4  5  6 |
---------------+-------------------+-----
Fighting       | 4 5 |  5.9
Maces & Flails | 4 5 |  5.4
Armour         | 1 2 3 |  3.5
Dodging        | |  2.4
Stealth        | |  2.1

Action                   |  1- 3 |  4- 6 |  7- 9 || total
-------------------------+-------+-------+-------++-------
Melee: Mace              |    32 |       |       ||    32
       Dagger            |    55 |   310 |     3 ||   368
  Use: Scroll            |     5 |    10 |       ||    15
 Stab: Sleeping          |     3 |     3 |       ||     6
  Eat: Chunk             |       |     8 |       ||     8
Armor: Robe              |    25 |       |       ||    25
       Leather armour    |    11 |   198 |     1 ||   210
Dodge: Dodged            |    67 |   313 |     1 ||   381

Table legend:
 A = Spawn XP
 B = Non-spawn XP
 C = Spawn XP percentage of total XP
 D = Spawn monster count
 E = Non-spawn monster count
 F = Spawn count percentage of total count
 G = Total turns spent on level
                    A         B        C        D         E        F      G
               +---------+---------+-------+---------+---------+-------+---------
         Total |       0 |     699 |   0.0 |       0 |     111 |   0.0 |  3142
               +---------+---------+-------+---------+---------+-------+---------
           D:1 |       0 |      42 |   0.0 |       0 |      24 |   0.0 |   757
           D:2 |       0 |      82 |   0.0 |       0 |      23 |   0.0 |   456
           D:3 |       0 |     347 |   0.0 |       0 |      56 |   0.0 |  1697
           D:4 |       0 |     228 |   0.0 |       0 |       8 |   0.0 |   232
               +---------+---------+-------+---------+---------+-------+---------
